 Dungeon Crawl Stone Soup version 0.29-a0-317-gd16b76e6b1 (webtiles) character file.

Game seed: 6034797789660522737

1 Leszczynek the Ducker (level 1, 16/16 HPs)
             Began as a Human Gladiator on Mar 31, 2022.
             Was a Follower of Wu Jian.
             Quit the game on level 1 of the Dungeon.
             The game lasted 00:00:23 (75 turns).

Leszczynek the Ducker (Human Gladiator)               Turns: 75, Time: 00:00:24

Health: 16/16      AC:  4    Str: 14    XL:     1   Next: 22%
Magic:  1/1        EV: 12    Int:  8    God:    Wu Jian [*.....]
Gold:   35         SH:  0    Dex: 14    Spells: 0/0 levels left

rFire   . . .      SeeInvis .   a - +0 war axe
rCold   . . .      Faith    .   (no shield)
rNeg    . . .      Spirit   .   b - +0 leather armour
rPois   .          Reflect  .   c - +0 helmet
rElec   .          Harm     .   (no cloak)
rCorr   .          Rampage  .   (no gloves)
Will    .....                   (no boots)
Stlth   +.........              (no amulet)
HPRegen 0.05/turn               (no ring)
MPRegen 0.07/turn               (no ring)

@: no status effects
A: no striking features
a: Renounce Religion


You were on level 1 of the Dungeon.
You worshipped Wu Jian.
Wu Jian was aware of your devotion.
You visited 1 branch of the dungeon, and saw 1 of its levels.

You collected 35 gold pieces.

Inventory:

Hand Weapons
 a - a +0 war axe (weapon)
Missiles
 d - 3 throwing nets (quivered)
 e - 3 javelins
Armour
 b - a +0 leather armour (worn)
 c - a +0 helmet (worn)
Scrolls
 g - a scroll of holy word {unknown}
Potions
 f - a potion of might {unknown}


   Skills:
 * Level 2.0 Fighting
 * Level 3.0 Axes
 + Level 2.0 Throwing
 + Level 3.0 Dodging


You couldn't memorise any spells.
You didn't know any spells.
Your spell library was empty.

Dungeon Overview and Level Annotations

Branches:
Dungeon (1/15)

Altars:
Wu Jian


Message History

A goblin comes into view. It is wielding a +0 dagger.
The goblin shouts!
The goblin hits you but does no damage.
You barely miss the goblin. The goblin barely misses you.
You hit the goblin.
The goblin is moderately wounded.
The goblin completely misses you.
You hit the goblin.
You kill the goblin!
No target in view!
No target in view!
Things that are here:
a +0 dagger; a goblin corpse
Found a scroll labelled TAELOE KIZAH.
You enter the shallow water.
Moving in this stuff is going to be slow.
A spectral kobold comes into view.
Found a faded altar of an unknown god.
You see here a scroll labelled TAELOE KIZAH.
g - a scroll labelled TAELOE KIZAH You hit the spectral kobold.
The spectral kobold is heavily damaged.
The spectral kobold hits you but does no damage.
The spectral kobold barely misses you.
You hit the spectral kobold but do no damage.
The spectral kobold is heavily damaged.
The spectral kobold closely misses you.
You slash the spectral kobold!
You destroy the spectral kobold!
You enter the shallow water.
Moving in this stuff is going to be slow.
There is a faded altar of an unknown god here.
You cannot tell which god this altar belongs to.
Convert to them anyway?
Wu Jian accepts your prayer! The Council welcomes you!
You can now perform damaging attacks by moving towards foes.
You can now lightly attack monsters by moving around them.
Unknown command.
Press < or > to pray at altars.
Are you sure you want to abandon this character and quit the game? (Confirm with "yes".)

......)............
#########....≈≈..≈≈
.. #....≈≈##≈ .#
#.....#8.≈ .. .
#.....#.≈##≈# ..
#....≈##≈≈≈≈#≈..
####.≈≈#.≈≈≈≈#
#...#..≈.≈+
#.≈≈#@.≈..+
#.≈.≈≈≈≈≈≈+
#...#≈.≈.≈#
#.≈##≈..≈#≈≈#
#..#≈.≈#≈# ≈#
#.≈#8.#≈.≈# .
#..####≈### ##≈. ≈#
##


There were no monsters in sight!

Vanquished Creatures
  A goblin (D:1)
  A spectral kobold (D:1)
2 creatures vanquished.

Notes
Turn   | Place    | Note
-------+----------+-------------------------------------------
     0 | D:1      | Leszczynek the Human Gladiator began the quest for the Orb.
     0 | D:1      | Reached XP level 1. HP: 16/16 MP: 1/1
    67 | D:1      | Found a faded altar of an unknown god.
    74 | D:1      | Prayed at the altar of an unknown god.
    74 | D:1      | Became a worshipper of the Wu Jian Council
    74 | D:1      | Reached * piety under Wu Jian
    75 | D:1      | Quit the game

Illustrated notes

Levels and vault maps discovered:
D:1:      dpeg_arrival_lava_temple_mockup, layout_basic,
          dreamdust_ecumenical_altar_drowned_temple

Action                   || total
-------------------------++-------
Melee: War axe           ||     6
Armor: Leather armour    ||     2
Dodge: Dodged            ||     4

Table legend: (Time is in decaauts)
 A = Elapsed time spent in this place.
 B = Non-inter-level travel time spent in this place.
 C = Inter-level travel time spent in this place.
 D = Time resting spent in this place.
 E = Time spent auto-exploring this place.
 F = Levels seen in this place.
 G = Mean time per level.
                   A        B        C        D        E       F      G
               +--------+--------+--------+--------+--------+-----+--------+
         Total |     78 |     78 |      0 |      0 |      0 |   1 |   78.0 |
       Dungeon |     78 |     78 |      0 |      0 |      0 |   1 |   78.0 |
               +--------+--------+--------+--------+--------+-----+--------+

Top non-repeatable levels by time:
     D:1: 78 daAuts
